SAAA
MEMPHIS REDBIRDS @ HAMILTON COYOTES
08/12/2042
 
TOP OF THE 1ST
Memphis Redbirds batting - Pitching for Hamilton Coyotes : RHP Nazeem bin Akram
Pitching: RHP Nazeem bin Akram
Batting: RHB Steve Marwat 0-0: Foul Ball, location: 2F
0-1: Called Strike
0-2: Ball
1-2: Ball
2-2: Ball
3-2: Ground out 4-3 (Groundball, 4, EV 105.0 MPH)
Batting: RHB Joël Pesci 0-0: Ball
1-0: Ball
2-0: Ball
3-0: Called Strike
3-1: Foul Ball, location: 2F
3-2: SINGLE (Groundball, 6MD, EV 95.6 MPH)
Batting: RHB Dean Shamakani 0-0: Foul Ball, location: 2F
0-1: Swinging Strike
0-2: Ball
1-2: Ball
2-2: SINGLE (Groundball, 34D, EV 96.2 MPH)
Joël Pesci to second
Runner from 2nd tries for 3rd, SAFE, no throw by RF
Batting: LHB Rodney McClellan 0-0: Fly out, F7 (Flyball, 78S, EV 73.1 MPH)
Runner from 3rd tags up, SCORES, throw by LF
Batting: RHB Ricardo Ojíto 0-0: Called Strike
0-1: Ball
1-1: Swinging Strike
1-2: Strikes out swinging
Top of the 1st over - 1 run, 2 hits, 0 errors, 1 left on base; Memphis 1 - Hamilton 0
BOTTOM OF THE 1ST
Hamilton Coyotes batting - Pitching for Memphis Redbirds : RHP Boris Milatovic
Pitching: RHP Boris Milatovic
Batting: SHB Aristotle Auer 0-0: Called Strike
0-1: Ground out 1-3 (Groundball, P, EV 91.2 MPH)
Batting: RHB Michael Collier 0-0: Fly out, F7 (Line Drive, 7, EV 105.6 MPH)
Batting: LHB Ánibal Lima 0-0: Ball
1-0: SINGLE (Line Drive, 8LS, EV 111.9 MPH)
Batting: LHB Jason Powell 0-0: Ball
1-0: Ball
2-0: Called Strike
2-1: Swinging Strike
2-2: Ball
Ánibal Lima steals 2nd base
3-2: Base on Balls
Batting: RHB Rey McSriff 0-0: Called Strike
0-1: Ground out 5-3 (Groundball, 56, EV 104.4 MPH)
Bottom of the 1st over - 0 runs, 1 hit, 0 errors, 2 left on base; Memphis 1 - Hamilton 0
TOP OF THE 2ND
Memphis Redbirds batting - Pitching for Hamilton Coyotes : RHP Nazeem bin Akram
Batting: RHB Fraser Childs 0-0: Foul Ball, location: 2F
0-1: Bunt missed!
0-2: Foul Ball, location: 2F
0-2: Fly out, F6 (Popup, 56, EV 38.1 MPH)
Batting: LHB Riley Rowbery 0-0: Ball
1-0: Called Strike
1-1: Ball
2-1: Foul Ball, location: 2F
2-2: Ball
3-2: SOLO HOME RUN (Flyball, 89XD, EV 101.2 MPH), Distance : 409 ft
Batting: RHB Chris Carson 0-0: Called Strike
0-1: Foul Ball, location: 2F
0-2: Foul Ball, location: 2F
0-2: Ball
1-2: Foul Ball, location: 2F
1-2: Strikes out swinging
Batting: RHB Miguel Silva 0-0: Ground out 6-3 (Groundball, 6, EV 85.6 MPH)
Top of the 2nd over - 1 run, 1 hit, 0 errors, 0 left on base; Memphis 2 - Hamilton 0
BOTTOM OF THE 2ND
Hamilton Coyotes batting - Pitching for Memphis Redbirds : RHP Boris Milatovic
Batting: RHB Cary Collins 0-0: Called Strike
0-1: Ball
1-1: Foul Ball, location: 2F
1-2: Foul Ball, location: 2F
1-2: Ball
2-2: Ball
3-2: Foul Ball, location: 2F
3-2: Ground out 6-3 (Groundball, 6, EV 83.8 MPH)
Batting: SHB Júlio Moreno 0-0: Called Strike
0-1: Foul Ball, location: 2F
0-2: Strikes out swinging
Batting: RHB Gary Goodwin 0-0: Swinging Strike
0-1: Foul Ball, location: 2F
0-2: Ball
1-2: Strikes out swinging
Bottom of the 2nd over - 0 runs, 0 hits, 0 errors, 0 left on base; Memphis 2 - Hamilton 0
TOP OF THE 3RD
Memphis Redbirds batting - Pitching for Hamilton Coyotes : RHP Nazeem bin Akram
Batting: RHB Steve Marwat 0-0: Ball
1-0: Called Strike
1-1: Ground out 4-3 (Groundball, 4, EV 86.2 MPH)
Batting: RHB Joël Pesci 0-0: Ball
1-0: Ball
2-0: Swinging Strike
2-1: Ball
3-1: Foul Ball, location: 2F
3-2: Foul Ball, location: 2F
3-2: Fly out, F7 (Flyball, 78S, EV 89.4 MPH)
Batting: RHB Dean Shamakani 0-0: Called Strike
0-1: Called Strike
0-2: Ball
1-2: Foul Ball, location: 2F
1-2: Ball
2-2: Fly out, F9 (Line Drive, 9, EV 94.4 MPH)
Top of the 3rd over - 0 runs, 0 hits, 0 errors, 0 left on base; Memphis 2 - Hamilton 0
BOTTOM OF THE 3RD
Hamilton Coyotes batting - Pitching for Memphis Redbirds : RHP Boris Milatovic
Batting: RHB Rob Shannon 0-0: Called Strike
0-1: Foul Ball, location: 2F
0-2: Ball
1-2: Ball
2-2: Reached on error, E6 (Groundball, 6, EV 89.4 MPH)
Batting: SHB Aristotle Auer 0-0: Ball
1-0: Foul Ball, location: 2F
1-1: Fly out, F8 (Line Drive, 8LM, EV 100.6 MPH)
Batting: RHB Michael Collier 0-0: Ball
1-0: Foul Ball, location: 2F
1-1: Ball
2-1: Fly out, F8 (Flyball, 8RM, EV 88.1 MPH)
Batting: LHB Ánibal Lima 0-0: Ball
1-0: Called Strike
1-1: SINGLE (Line Drive, 6D, EV 96.9 MPH)
Rob Shannon to second
Runner from 2nd tries for 3rd, SAFE, throw by CF made to third
Batting: LHB Jason Powell 0-0: Ball
1-0: Swinging Strike
1-1: Foul Ball, location: 2F
1-2: Ground out 4-3 (Groundball, 34, EV 96.2 MPH)
Bottom of the 3rd over - 0 runs, 1 hit, 1 error, 2 left on base; Memphis 2 - Hamilton 0
TOP OF THE 4TH
Memphis Redbirds batting - Pitching for Hamilton Coyotes : RHP Nazeem bin Akram
Batting: LHB Rodney McClellan 0-0: Called Strike
0-1: Called Strike
0-2: Ball
1-2: SINGLE (Groundball, 4M, EV 87.5 MPH) (infield hit)
Batting: RHB Ricardo Ojíto 0-0: 2-RUN HOME RUN (Flyball, 89XD, EV 103.1 MPH), Distance : 411 ft
Batting: RHB Fraser Childs 0-0: Ball
1-0: Ground out U3 (Groundball, 34S, EV 81.9 MPH)
Batting: LHB Riley Rowbery 0-0: Ground out 1-3 (Groundball, 15S, EV 63.8 MPH)
Batting: RHB Chris Carson 0-0: Ball
1-0: Foul Ball, location: 2F
1-1: Fly out, F7 (Flyball, 7, EV 78.8 MPH)
Top of the 4th over - 2 runs, 2 hits, 0 errors, 0 left on base; Memphis 4 - Hamilton 0
BOTTOM OF THE 4TH
Hamilton Coyotes batting - Pitching for Memphis Redbirds : RHP Boris Milatovic
Batting: RHB Rey McSriff 0-0: Ball
1-0: Foul Ball, location: 2F
1-1: Swinging Strike
1-2: Ball
2-2: Strikes out swinging
Batting: RHB Cary Collins 0-0: Ball
1-0: Called Strike
1-1: Foul Ball, location: 2F
1-2: Foul Ball, location: 2F
1-2: Foul Ball, location: 2F
1-2: Fly out, F8 (Flyball, 89M, EV 89.4 MPH)
Batting: SHB Júlio Moreno 0-0: Called Strike
0-1: Called Strike
0-2: Strikes out swinging, 2-3 out at first.
Bottom of the 4th over - 0 runs, 0 hits, 0 errors, 0 left on base; Memphis 4 - Hamilton 0
TOP OF THE 5TH
Memphis Redbirds batting - Pitching for Hamilton Coyotes : RHP Nazeem bin Akram
Batting: RHB Miguel Silva 0-0: Ball
1-0: Called Strike
1-1: Ground out U3 (Groundball, 3, EV 81.2 MPH)
Batting: RHB Steve Marwat 0-0: Foul Ball, location: 2F
0-1: Ball
1-1: Ball
2-1: Ball
3-1: Base on Balls
Batting: RHB Joël Pesci 0-0: Ball
1-0: Ball
2-0: Swinging Strike
2-1: SINGLE (Flyball, 89M, EV 86.2 MPH)
Steve Marwat to second
Batting: RHB Dean Shamakani 0-0: Called Strike
0-1: Ball
1-1: Fly out, F8 (Line Drive, 8LM, EV 91.2 MPH)
Batting: LHB Rodney McClellan 0-0: Called Strike
0-1: Ball
1-1: Foul Ball, location: 2F
1-2: Ball
2-2: Fielders Choice at 2nd, 6-4 (Groundball, 6, EV 85.0 MPH)
Top of the 5th over - 0 runs, 1 hit, 0 errors, 2 left on base; Memphis 4 - Hamilton 0
BOTTOM OF THE 5TH
Hamilton Coyotes batting - Pitching for Memphis Redbirds : RHP Boris Milatovic
Batting: RHB Gary Goodwin 0-0: Called Strike
0-1: Called Strike
0-2: Ball
1-2: Strikes out swinging
Batting: RHB Rob Shannon 0-0: Called Strike
0-1: Foul Ball, location: 2F
0-2: Ground out 5-3 (Groundball, 56S, EV 81.9 MPH)
Batting: SHB Aristotle Auer 0-0: Hit by Pitch
Batting: RHB Michael Collier 0-0: Swinging Strike
0-1: Called Strike
0-2: Fielders Choice at 2nd, 6-4 (Groundball, 6, EV 106.9 MPH)
Bottom of the 5th over - 0 runs, 0 hits, 0 errors, 1 left on base; Memphis 4 - Hamilton 0
TOP OF THE 6TH
Memphis Redbirds batting - Pitching for Hamilton Coyotes : RHP Nazeem bin Akram
Batting: RHB Ricardo Ojíto 0-0: Called Strike
0-1: Ball
1-1: Ball
2-1: SINGLE (Groundball, 34D, EV 96.2 MPH)
Batting: RHB Fraser Childs 0-0: Ground out 6-3 (Groundball, 6, EV 83.1 MPH)
Ricardo Ojíto to second
Batting: LHB Riley Rowbery 0-0: Intentional Walk
Batting: RHB Chris Carson 0-0: DOUBLE (Line Drive, 7LM, EV 104.4 MPH)
Ricardo Ojíto scores
Riley Rowbery to third
Runner from 3rd tries for Home, SAFE, throw by LF to home
Batting: RHB Miguel Silva 0-0: Called Strike
0-1: Ball
1-1: Swinging Strike
1-2: Strikes out swinging
Batting: RHB Steve Marwat 0-0: SINGLE (Groundball, 34D, EV 105.0 MPH)
Chris Carson to third
Runner from 3rd tries for Home, SAFE, no throw by RF
Pitching: RHP Ken Dundee
Batting: RHB Joël Pesci 0-0: Ball
1-0: Ball
Passed Ball!
Steve Marwat to second
2-0: Ball
3-0: Called Strike
3-1: Base on Balls
Batting: RHB Dean Shamakani 0-0: Foul Ball, location: 2F
0-1: Ball
1-1: Called Strike
1-2: Ball
2-2: Ball
3-2: Fly out, F6 (Line Drive, 6, EV 70.0 MPH)
Top of the 6th over - 3 runs, 3 hits, 0 errors, 2 left on base; Memphis 7 - Hamilton 0
BOTTOM OF THE 6TH
Hamilton Coyotes batting - Pitching for Memphis Redbirds : RHP Boris Milatovic
Batting: LHB Ánibal Lima 0-0: SINGLE (Line Drive, 78M, EV 103.8 MPH)
Batting: LHB Jason Powell 0-0: Ball
Ánibal Lima steals 2nd base
1-0: Called Strike
1-1: Foul Ball, location: 2F
1-2: Foul Ball, location: 2F
1-2: Foul Ball, location: 2F
1-2: Ball
2-2: Foul Ball, location: 2F
2-2: Ball
3-2: Base on Balls
Batting: RHB Rey McSriff 0-0: Foul Ball, location: 2F
0-1: Called Strike
0-2: Ball
1-2: Strikes out swinging
Batting: RHB Cary Collins 0-0: Called Strike
Ánibal Lima steals 3rd base
0-1: Fly out, F8 (Flyball, 8LM, EV 92.5 MPH)
Runner from 3rd tags up, SCORES, no throw by CF
Batting: SHB Júlio Moreno 0-0: Ball
Jason Powell steals 2nd base
1-0: Called Strike
1-1: Swinging Strike
1-2: Ball
2-2: Fly out, F7 (Flyball, 7D, EV 85.0 MPH)
Bottom of the 6th over - 1 run, 1 hit, 0 errors, 1 left on base; Memphis 7 - Hamilton 1
TOP OF THE 7TH
Memphis Redbirds batting - Pitching for Hamilton Coyotes : RHP Ken Dundee
Batting: LHB Rodney McClellan 0-0: Ball
1-0: Called Strike
1-1: Called Strike
1-2: Ball
2-2: Fly out, F8 (Flyball, 8LD, EV 99.4 MPH)
Batting: RHB Ricardo Ojíto 0-0: Called Strike
0-1: Ball
1-1: Ground out 4-3 (Groundball, 4M, EV 85.6 MPH)
Batting: RHB Fraser Childs 0-0: Called Strike
0-1: Ground out 4-3 (Groundball, 4, EV 85.0 MPH)
Top of the 7th over - 0 runs, 0 hits, 0 errors, 0 left on base; Memphis 7 - Hamilton 1
BOTTOM OF THE 7TH
Hamilton Coyotes batting - Pitching for Memphis Redbirds : RHP Boris Milatovic
Batting: RHB Gary Goodwin 0-0: Ball
1-0: Foul Ball, location: 2F
1-1: Ball
2-1: Foul Ball, location: 2F
2-2: Strikes out swinging
Pitching: LHP Dan Stokes
Batting: RHB Rob Shannon 0-0: Swinging Strike
0-1: Ball
1-1: Ball
2-1: Ball
3-1: Called Strike
3-2: Strikes out looking
Batting: SHB Aristotle Auer 0-0: Called Strike
0-1: Called Strike
0-2: Ball
1-2: Foul Ball, location: 2F
1-2: Foul Ball, location: 2F
1-2: DOUBLE (Line Drive, 78M, EV 108.8 MPH)
Batting: RHB Michael Collier 0-0: Ball
1-0: Fly out, F9 (Flyball, 9LS, EV 78.1 MPH)
Bottom of the 7th over - 0 runs, 1 hit, 0 errors, 1 left on base; Memphis 7 - Hamilton 1
TOP OF THE 8TH
Memphis Redbirds batting - Pitching for Hamilton Coyotes : RHP Ken Dundee
Batting: LHB Riley Rowbery 0-0: Called Strike
0-1: Called Strike
0-2: SINGLE (Groundball, 4D, EV 93.8 MPH)
Batting: RHB Chris Carson 0-0: Ball
1-0: Swinging Strike
1-1: Ball
2-1: Ball
3-1: Foul Ball, location: 2F
3-2: Base on Balls
Riley Rowbery to second
Batting: RHB Miguel Silva 0-0: Ball
1-0: Ball
2-0: Ball
3-0: Called Strike
3-1: Base on Balls
Riley Rowbery to third
Chris Carson to second
Pitching: RHP Rickey O'Day
Batting: RHB Steve Marwat 0-0: Ball
1-0: Ball
2-0: Called Strike
2-1: Ball
3-1: Base on Balls
Riley Rowbery scores
Chris Carson to third
Miguel Silva to second
Batting: RHB Joël Pesci 0-0: Ball
1-0: Swinging Strike
1-1: Called Strike
1-2: Ball
2-2: Strikes out swinging
Batting: RHB Dean Shamakani 0-0: Ball
1-0: Ball
2-0: Called Strike
2-1: Foul Ball, location: 2F
2-2: Ball
3-2: Strikes out looking
Batting: LHB Rodney McClellan 0-0: Foul Ball, location: 2F
0-1: Ball
1-1: Called Strike
1-2: Strikes out looking
Top of the 8th over - 1 run, 1 hit, 0 errors, 3 left on base; Memphis 8 - Hamilton 1
BOTTOM OF THE 8TH
Hamilton Coyotes batting - Pitching for Memphis Redbirds : LHP Dan Stokes
Batting: LHB Ánibal Lima 0-0: Foul Ball, location: 2F
0-1: Fly out, F8 (Line Drive, 8RM, EV 92.5 MPH)
Batting: LHB Jason Powell 0-0: Ball
1-0: Called Strike
1-1: SOLO HOME RUN (Flyball, 9D, EV 99.4 MPH), Distance : 354 ft
Batting: RHB Rey McSriff 0-0: Ball
1-0: Called Strike
1-1: Called Strike
1-2: Foul Ball, location: 2F
1-2: Foul Ball, location: 2F
1-2: Ball
2-2: Ground out 6-3 (Groundball, 6, EV 105.6 MPH)
Batting: RHB Cary Collins 0-0: Ball
1-0: Ball
2-0: Ball
3-0: Called Strike
3-1: Foul Ball, location: 2F
3-2: Base on Balls
Batting: SHB Júlio Moreno 0-0: Called Strike
0-1: Foul Ball, location: 2F
0-2: Ball
1-2: Strikes out swinging
Bottom of the 8th over - 1 run, 1 hit, 0 errors, 1 left on base; Memphis 8 - Hamilton 2
TOP OF THE 9TH
Memphis Redbirds batting - Pitching for Hamilton Coyotes : RHP Rickey O'Day
Pitching: RHP Guy Walters
Batting: RHB Ricardo Ojíto 0-0: Called Strike
0-1: DOUBLE (Line Drive, 78D, EV 109.4 MPH)
Batting: RHB Fraser Childs 0-0: Ball
1-0: Fly out, F8 (Flyball, 78D, EV 91.2 MPH)
Batting: LHB Riley Rowbery 0-0: Ball
1-0: Ball
2-0: Ball
3-0: Called Strike
3-1: Base on Balls
Batting: RHB Chris Carson 0-0: Ball
1-0: Swinging Strike
1-1: Ball
2-1: Ball
3-1: Foul Ball, location: 2F
3-2: Strikes out looking
Batting: RHB Miguel Silva 0-0: Ball
1-0: Foul Ball, location: 2F
1-1: Swinging Strike
1-2: Ball
2-2: Foul Ball, location: 2F
2-2: Ball
3-2: Strikes out looking
Top of the 9th over - 0 runs, 1 hit, 0 errors, 2 left on base; Memphis 8 - Hamilton 2
BOTTOM OF THE 9TH
Hamilton Coyotes batting - Pitching for Memphis Redbirds : LHP Dan Stokes
Pitching: RHP Samuel Tuffley
Batting: RHB Gary Goodwin 0-0: Called Strike
0-1: Swinging Strike
0-2: Ball
1-2: Strikes out swinging
Batting: RHB Rob Shannon 0-0: Called Strike
0-1: Ball
1-1: Foul Ball, location: 2F
1-2: Ball
2-2: Foul Ball, location: 2F
2-2: Fly out, F8 (Flyball, 8RD, EV 96.2 MPH)
Batting: SHB Aristotle Auer 0-0: Called Strike
0-1: Ball
1-1: Ball
2-1: Swinging Strike
2-2: Strikes out swinging
Bottom of the 9th over - 0 runs, 0 hits, 0 errors, 0 left on base; Memphis 8 - Hamilton 2
Friday, March 26th, 2021 - OOTP Baseball 20.8 Build 74